 Dungeon Crawl Stone Soup version 0.30-a0-862-g1aabd4f9c5 (webtiles) character file.

Game seed: 4238451285588864559

2798 Newt the Skirmisher (level 10, -1/59 HPs)
             Began as a Kobold Hunter on Mar 9, 2023.
             Was an Elder of Jiyva.
             Killed from afar by an ice statue (30 damage)
             ... with a bolt of cold
             ... on level 8 of the Dungeon.
             The game lasted 00:05:42 (7834 turns).

Newt the Skirmisher (Kobold Hunter)                 Turns: 7834, Time: 00:05:43

Health: -1/59      AC:  9    Str:  9    XL:     10   Next: 2%
Magic:  19/19      EV: 18    Int: 11    God:    Jiyva [****..]
Gold:   212        SH:  0    Dex: 22    Spells: 9/9 levels left

rFire   . . .      SeeInvis .    a - +2 shortbow (freeze)
rCold   . . .      Faith    .    (shield currently unavailable)
rNeg    . . .      Spirit   .    c - +0 leather armour
rPois   .          Reflect  .    (helmet restricted)
rElec   .          Rampage  .    (no cloak)
rCorr   +                        (no gloves)
Will    +....                    (no boots)
Stlth   +++                      (no amulet)
HPRegen 1.57/turn                u - ring of willpower
MPRegen 0.56/turn                i - ring of magical power

@: no status effects
A: small, no large weapons, nightstalker 3, antennae 1, iridescent scales 3
a: Renounce Religion, Oozemancy, Slimify


You were on level 8 of the Dungeon.
You worshipped Jiyva.
Jiyva was greatly pleased with you.
You visited 1 branch of the dungeon, and saw 8 of its levels.
You also visited: Sewer.

You collected 212 gold pieces.

Inventory:

Hand Weapons
 a - a +2 shortbow of freezing (weapon)
Armour
 c - a +0 leather armour (worn)
Jewellery
 e - a ring of wizardry
 f - a ring of willpower
 i - a ring of magical power (right hand)
 k - a ring of see invisible
 n - a ring of fire
 u - a ring of willpower (left hand)
Wands
 v - a wand of flame (14)
 w - a wand of iceblast (12)
Scrolls
 b - 3 scrolls of immolation
 d - 3 scrolls of teleportation
 j - a scroll of blinking
 l - a scroll of magic mapping
Potions
 g - a potion of curing
 h - 2 potions of lignification
 m - 2 potions of degeneration {unknown}
 o - a potion of resistance
 p - a potion of invisibility {unknown}
 q - a potion of cancellation {unknown}
 r - a potion of haste
 s - 2 potions of heal wounds {unknown}
 t - 2 potions of mutation {unknown}
 x - a potion of ambrosia {unknown}
 z - a potion of attraction {unknown}


   Skills:
 - Level 5.0 Fighting
 - Level 14.0 Ranged Weapons
 - Level 4.0 Armour
 - Level 6.0 Dodging
 - Level 1.3 Stealth
 * Level 2.1 Evocations


You had 9 spell levels left.
You didn't know any spells.
Your spell library contained the following spells:

 Spells                   Type           Power      Damage    Failure   Level
 Cigotuvi's Dreadful Rot  Necr/Pois/Air  0%         N/A       58%         2
 Ensorcelled Hibernation  Hex/Ice        0%         N/A       58%         2
 Passwall                 Tmut/Erth      0%         N/A       58%         2
 Poisonous Vapours        Pois/Air       0%         N/A       58%         2
 Dazzling Flash           Conj/Hex       0%         N/A       82%         3
 Mephitic Cloud           Conj/Pois/Air  0%         N/A       82%         3
 Swiftness                Air            0%         N/A       82%         3
 Iskenderun's Mystic Bla  Conj/Tloc      0%         2d3       99%         4
 Starburst                Conj/Fire      0%         6d3       100%        6


Dungeon Overview and Level Annotations

Branches:
Dungeon (8/15)             Temple (0/1) D:4           Sewer (visited)
   Lair: D:8-11

Altars:
Elyvilon
Okawaru
Ru
Uskayaw
Vehumet
Xom
The Shining One

Annotations:
D:8 exclusion: ice statue


Innate Abilities, Weirdness & Mutations

You are small and have problems with some larger weapons.
You are completely attuned to the shadows.
You have a pair of small antennae on your head.
You are completely covered in iridescent scales. (AC +6)


Message History

You hear a sizzling sound!
The ice statue gestures.
Unknown command.
Aiming: Throw Flame
Press: ? - help, Shift-Dir - straight line, f/p - ice statue
Aim: an ice statue (moderately damaged, 100% to hit)
The puff of flame hits the ice statue!
The ice statue melts!
The ice statue is moderately damaged.
The ice statue gestures.
Unknown command.
Aiming: Throw Flame
Press: ? - help, Shift-Dir - straight line, f/p - ice statue
Aim: an ice statue (moderately damaged, 100% to hit)
The puff of flame hits the ice statue!
The ice statue melts!
The ice statue is heavily damaged.
Unknown command.
Fire: a) +2 shortbow (freeze)
Press: ? - help, Shift-Dir - straight line, f/p - ice statue
Aim: an ice statue (heavily damaged, 95% to hit)
You shoot an arrow. The arrow hits the ice statue!
The ice statue is severely damaged.
The ice statue gestures at you. The shard of ice hits you!!
Fire: a) +2 shortbow (freeze)
Press: ? - help, Shift-Dir - straight line, f/p - ice statue
Aim: an ice statue (severely damaged, 95% to hit)
You shoot an arrow.
The arrow hits the ice statue but does no damage.
The ice statue is severely damaged.
Unknown command.
Fire: a) +2 shortbow (freeze)
Press: ? - help, Shift-Dir - straight line, f/p - ice statue
Aim: an ice statue (severely damaged, 95% to hit)
You shoot an arrow. The arrow hits the ice beast!
The ice beast is moderately wounded.
The ice beast is engulfed in a cloud of scalding steam.
The ice statue gestures at you. The bolt of cold hits you!!
Ouch! That really hurt!
You die...

#.............
##.......###...
##........# ###
####........
#....#.....
..##⌠)..⌠##
#.....# #.....#
#.@...# #.....#
#.Y...# #≈Y§≈≈#
#≈≈8≈≈#


You could see an ice statue and 2 ice beasts.

Vanquished Creatures
  4 yaks
  A wyvern (D:8)
  A water moccasin (D:6)
  An ice beast (D:6)
  A black bear (D:4)
  An ogre (D:4)
  A centaur (D:7)
  A phantom (D:4)
  A kobold brigand (D:8)
  Blork the orc (D:6)
  3 bullfrogs
  3 scorpions
  4 wights (D:8)
  3 howler monkeys (D:7)
  5 hounds
  An orc priest (D:6)
  4 jellies (Sewer)
  A sleepcap (D:6)
  4 iguanas
  5 orc wizards
  8 adders
  A shadow imp (D:7)
  A white imp (D:6)
  2 ufetubi
  A worm (Sewer)
  13 orcs
  4 bats
  10 endoplasms
  5 giant cockroaches
  4 goblins
  4 hobgoblins
  3 jackals
  12 kobolds
  2 quokkas (D:3)
  9 ball pythons
  7 frilled lizards
  7 rats
139 creatures vanquished.

Vanquished Creatures (others)
  A bullfrog (D:8)
  A scorpion (D:4)
  2 jellies
  An orc wizard (D:8)
  An adder (D:4)
  2 orcs (D:8)
  2 hobgoblins (D:4)
  A quokka (D:4)
  2 ball pythons (D:4)
  A frilled lizard (Sewer)
14 creatures vanquished.

Grand Total: 153 creatures vanquished

Notes
Turn   | Place    | Note
-------+----------+-------------------------------------------
     0 | D:1      | Newt the Kobold Hunter began the quest for the Orb.
     0 | D:1      | Reached XP level 1. HP: 12/12 MP: 1/1
   356 | D:1      | Reached XP level 2. HP: 18/18 MP: 2/2
  1064 | D:2      | Reached XP level 3. HP: 15/24 MP: 3/3
  1414 | D:2      | Reached XP level 4. HP: 19/30 MP: 4/4
  2302 | D:3      | Found a faded altar of an unknown god.
  2783 | D:4      | Reached skill level 5 in Fighting
  2805 | D:4      | Noticed a scorpion
  2810 | D:4      | Killed a scorpion
  2811 | D:4      | Reached skill level 6 in Ranged Weapons
  2811 | D:4      | Reached XP level 5. HP: 6/35 MP: 5/5
  2935 | D:4      | Found a glowing drain.
  2941 | Sewer    | Entered a sewer
  3112 | Sewer    | Reached skill level 7 in Ranged Weapons
  3112 | Sewer    | Reached XP level 6. HP: 40/40 MP: 6/6
  3129 | Sewer    | Reached skill level 8 in Ranged Weapons
  3305 | Sewer    | Found a viscous altar of Jiyva.
  3316 | Sewer    | Became a worshipper of Jiyva Joucadas the Shapeless
  3513 | D:4      | Reached XP level 7. HP: 28/44 MP: 7/7
  3595 | D:4      | Found a staircase to the Ecumenical Temple.
  3624 | D:4      | Reached skill level 9 in Ranged Weapons
  3711 | D:4      | Reached skill level 10 in Ranged Weapons
  3880 | D:4      | Reached XP level 8. HP: 49/49 MP: 8/8
  4080 | D:4      | Reached * piety under Jiyva
  4575 | D:5      | Entered Level 5 of the Dungeon
  4844 | D:5      | Reached ** piety under Jiyva
  4896 | D:5      | Reached skill level 5 in Dodging
  5713 | D:6      | Reached *** piety under Jiyva
  5716 | D:6      | Gained mutation: You are partially covered in iridescent
                  | scales. (AC +2) [Jiyva's grace]
  5716 | D:6      | Gained mutation: You are mostly covered in iridescent
                  | scales. (AC +4) [Jiyva's grace]
  5716 | D:6      | Gained mutation: You are completely covered in iridescent
                  | scales. (AC +6) [Jiyva's grace]
  5716 | D:6      | Gained mutation: You have a pair of small antennae on your
                  | head. [Jiyva's grace]
  5837 | D:6      | Found a sacrificial altar of Ru.
  5904 | D:6      | Found a white marble altar of Elyvilon.
  5914 | D:6      | Reached skill level 1 in Armour
  6020 | D:6      | Noticed Blork the orc
  6028 | D:6      | Killed Blork the orc
  6087 | D:6      | Found a glowing golden altar of the Shining One.
  6089 | D:6      | Found a radiant altar of Vehumet.
  6094 | D:6      | Found a shimmering altar of Xom.
  6154 | D:6      | Reached **** piety under Jiyva
  6392 | D:6      | Found an iron altar of Okawaru.
  6535 | D:7      | Reached XP level 9. HP: 51/54 MP: 9/9
  6554 | D:7      | Noticed a +0 spear
  6554 | D:7      | Noticed a +0 falchion
  6557 | D:7      | Noticed a +0 short sword
  6560 | D:7      | Noticed a +0 dagger
  6561 | D:7      | Noticed a +0 spear
  6561 | D:7      | Noticed a +0 falchion
  6562 | D:7      | Noticed a +0 short sword
  6685 | D:7      | Reached skill level 11 in Ranged Weapons
  7034 | D:7      | Found a hide-covered altar of Uskayaw.
  7186 | D:8      | Reached skill level 12 in Ranged Weapons
  7325 | D:8      | Reached skill level 13 in Ranged Weapons
  7401 | D:8      | Reached skill level 14 in Ranged Weapons
  7401 | D:8      | Reached skill level 1 in Evocations
  7652 | D:8      | Reached XP level 10. HP: 47/59 MP: 10/10
  7800 | D:8      | Noticed an ice statue
  7834 | D:8      | Killed from afar by an ice statue

Illustrated notes

Levels and vault maps discovered:
D:1:      psy_arrival_radial02, layout_loops_ring
D:2:      layout_basic
D:3:      layout_basic, hellmonk_ecumenical_altar_zigzags
D:4:      layout_gridville, minmay_temple_entry_mist, portal_sewer_entry_d,
          minmay_distorted
D:5:      layout_layer_cave
D:6:      layout_loops_cross, nicolae_ru_great_annihilating_truth,
          grunt_temple_overflow_open, mainiacjoe_overflow_catwalk,
          minmay_increasing_density, uniq_blork_the_orc
D:7:      layout_loops_ring, nicolae_uskayaw_en_pointe
D:8:      lemuel_ice_statue, layout_rooms, kennysheep_generic_room_11

Skill      XL: |  1  2  3  4  5  6  7  8  9 |
---------------+----------------------------+-----
Fighting       | 3 4 5 |  5.0
Ranged Weapons | 6 7 8 10 14 | 14.0
Dodging        | 4 6 |  6.0
Armour         | 4 |  4.0
Evocations     | 2 |  2.1
Stealth        | |  1.3

Action                     |  1- 3 |  4- 6 |  7- 9 | 10-12 || total
---------------------------+-------+-------+-------+-------++-------
   Fire: Shortbow          |    63 |   114 |   265 |    36 ||   478
  Evoke: Wand              |       |       |       |     3 ||     3
    Use: Scroll            |       |     8 |     3 |       ||    11
         Potion            |       |     2 |       |       ||     2
 Armour: Leather armour    |     7 |    12 |    42 |     4 ||    65
  Dodge: Dodged            |    22 |    43 |   113 |    17 ||   195

Table legend: (Time is in decaauts)
 A = Elapsed time spent in this place.
 B = Non-inter-level travel time spent in this place.
 C = Inter-level travel time spent in this place.
 D = Time resting spent in this place.
 E = Time spent auto-exploring this place.
 F = Levels seen in this place.
 G = Mean time per level.
                   A        B        C        D        E       F      G
               +--------+--------+--------+--------+--------+-----+--------+
         Total |   7902 |   7772 |    130 |    868 |   6032 |   9 |  878.0 |
       Dungeon |   7396 |   7266 |    130 |    703 |   5804 |   8 |  924.5 |
         Sewer |    505 |    505 |      0 |    165 |    228 |   1 |  505.0 |
               +--------+--------+--------+--------+--------+-----+--------+

Top non-repeatable levels by time:
     D:4: 1355 daAuts
     D:2: 1273 daAuts
     D:5: 1139 daAuts
     D:1: 870 daAuts
     D:6: 818 daAuts
     D:7: 768 daAuts
     D:3: 647 daAuts
     D:8: 523 daAuts
   Sewer: 505 daAuts
